 Dungeon Crawl Stone Soup version 0.21.0-3-g78d12a8bdd (webtiles) character file.

359 DildoBatman the Sneak (level 6, 0/47 HPs)
             Began as a Formicid Enchanter on Jan 12, 2018.
             Slain by a killer bee (3 damage)
             ... on level 6 of the Dungeon.
             The game lasted 00:27:59 (5186 turns).

DildoBatman the Sneak (Formicid Enchanter)          Turns: 5186, Time: 00:28:00

Health: 0/47       AC:  2    Str: 14    XL:     6   Next: 97%
Magic:  9/9        EV: 12    Int: 15    God:
Gold:   208        SH:  0    Dex: 11    Spells: 5/9 levels left

rFire    . . .     SeeInvis +   a - +0 dagger (drain)
rCold    . . .     Gourm    +   (no shield)
rNeg     + . .     Faith    .   p - +0 robe
rPois    .         Spirit   .   (helmet unavailable)
rElec    .         Reflect  .   (no cloak)
rCorr    .         Harm     .   (no gloves)
MR       .....                  (no boots)
Stlth    +++.......             f - amulet of the gourmand
HPRegen  0.15/turn              w - ring of positive energy
MPRegen  0.11/turn              x - ring of teleportation (curse)

@: lethally poisoned (0 -> -7)
A: permanent stasis, dig shafts and tunnels, four strong arms, antennae 3
a: Dig, Shaft Self


You were on level 6 of the Dungeon.
You were not hungry.

You visited 1 branch of the dungeon, and saw 7 of its levels.

You collected 208 gold pieces.

Inventory:

Hand Weapons
 a - a +0 dagger of draining (weapon)
 b - a +1 dagger
Armour
 e - a +0 ring mail
 p - a +0 robe (worn)
Jewellery
 f - an amulet of the gourmand (around neck)
 w - a ring of positive energy (left hand)
 x - a cursed ring of teleportation (right hand)
Scrolls
 g - 5 scrolls of amnesia
 k - a scroll of fear
 q - a scroll of enchant armour
 r - 2 scrolls of remove curse
 v - a scroll of noise {unknown}
 y - a scroll of summoning {unknown}
 z - a scroll of identify
 A - a scroll of random uselessness {unknown}
Potions
 h - a potion of haste {unknown}
 i - a potion of brilliance {unknown}
 j - a potion of heal wounds {unknown}
 l - a potion of magic {unknown}
 m - a potion of curing {unknown}
 n - 4 potions of might {unknown}
 o - a potion of berserk rage {unknown}
 s - a potion of invisibility {unknown}
 t - a potion of degeneration {unknown}
 u - a potion of mutation {unknown}
Books
 c - a book of Maledictions

   Spells                             Type                      Level
   a - Corona                         Hexes                        1
   b - Ensorcelled Hibernation        Hexes/Ice                    2
   c - Confuse                        Hexes                        3
   d - Tukima's Dance                 Hexes                        3
   e - Dazzling Spray                 Conjuration/Hexes            3
Comestibles
 d - 9 rations


   Skills:
 * Level 3.4 Fighting
 - Level 1.0 Short Blades
 - Level 3.0 Armour
 - Level 2.0 Dodging
 * Level 6.7 Stealth
 - Level 2.1 Spellcasting
 - Level 4.0 Hexes


You had 5 spell levels left.
You knew the following spells:

 Your Spells              Type           Power        Failure   Level  Hunger
a - Corona                Hex            ##.....      4%          1    #......
b - Confuse               Hex            ##......     12%         3    ###....


Dungeon Overview and Level Annotations

Branches:
Dungeon (7/15)
 Temple: D:4-7

Altars:
Ru
Trog

Shops:
D:4 [

Annotations:
D:2 1 runed door
D:4 exclusions: 2 gnolls, 2 sensed monsters (detected) and 2 worker ants
D:5 exclusions: adder, centaur, jelly and 2 sensed monsters (detected)
D:6 exclusions: centaur and iguana, Dowan, Duvessa, Edmund, Menkaure


Innate Abilities, Weirdness & Mutations

You cannot be hasted, slowed, berserked, paralysed or teleported.
You can dig through walls and to a lower floor.
Your four strong arms can wield two-handed weapons with a shield.
You have a pair of large antennae on your head. (SInv)


Message History

The killer bee barely misses you. The killer bee stings you.
You are more poisoned.
The killer bee poisons you!
You hit the killer bee.
The killer bee is heavily wounded.
You feel sick. The killer bee barely misses you. x2
The phantom hits you!
You miss the killer bee.
The killer bee is heavily wounded.
You feel sick. The killer bee barely misses you.
The killer bee closely misses you. The phantom closely misses you.
You closely miss the killer bee.
The killer bee is heavily wounded.
You feel sick. The killer bee stings you.
You die...

##..............###.#
#.....#........###..#
.....###..##...###.##
.....# ##..##..##..#
.....# ##.#..###.##
.....#####.....#..#
##..........##....######
#.........####........#
###........# ##.@..#####
# #..<....####.y#W..###
###..............###..#
#....###....###..# ####
....## #...## #..# ....#
##....####.#
....###......# #.###
....#....##..####..#
........#####.###.##


You could see a phantom and a killer bee.

Vanquished Creatures
  A water moccasin skeleton (D:4)
  2 hounds (D:4)
  2 orc wizards (D:4)
  2 bullfrog skeletons
  A worker ant zombie (D:6)
  6 adders
  An ooze (D:2)
  An adder skeleton (D:4)
  An adder zombie (D:6)
  A dart slug (D:2)
  4 leopard geckos
  4 orcs
  5 giant cockroaches
  5 goblins
  7 hobgoblins
  2 jackals (D:6)
  4 kobolds
  4 bats (D:1)
  6 frilled lizards
  8 rats
67 creatures vanquished.

Vanquished Creatures (others)
  A wizard (D:4)
1 creature vanquished.

Grand Total: 68 creatures vanquished

Notes
Turn   | Place    | Note
-------+----------+-------------------------------------------
     0 | D:1      | DildoBatman the Formicid Enchanter began the quest for the Orb.
     0 | D:1      | Reached XP level 1. HP: 13/13 MP: 3/3
   218 | D:1      | Reached skill level 1 in Fighting
   378 | D:1      | Reached XP level 2. HP: 22/22 MP: 3/5
  1186 | D:2      | Reached XP level 3. HP: 17/28 MP: 4/6
  1191 | D:2      | Learned a level 3 spell: Confuse
  1858 | D:2      | Reached XP level 4. HP: 35/35 MP: 7/7
  1925 | D:2      | Found a runed door.
  2067 | D:2      | Reached skill level 1 in Armour
  2067 | D:2      | Reached skill level 4 in Stealth
  2653 | D:3      | Found a sacrificial altar of Ru.
  2863 | D:4      | Reached XP level 5. HP: 22/41 MP: 5/8
  2925 | D:5      | Entered Level 5 of the Dungeon
  2933 | D:5      | Noticed a centaur
  3004 | D:5      | Noticed a sky beast
  3091 | D:4      | Reached skill level 5 in Stealth
  3222 | D:4      | Reached XP level 6. HP: 35/47 MP: 7/9
  3313 | D:4      | Noticed an ice beast
  3378 | D:4      | Found Robamuiq's Antique Armour Boutique.
  3384 | D:4      | Found a bloodstained altar of Trog.
  3386 | D:4      | Noticed a wizard
  3392 | D:4      | Killed a wizard
  3536 | D:4      | Reached skill level 6 in Stealth
  4042 | D:5      | Noticed a phantom
  4296 | D:6      | Noticed Edmund
  4431 | D:6      | Noticed Menkaure
  4534 | D:6      | Noticed Duvessa
  4534 | D:6      | Noticed Dowan
  5144 | D:7      | Noticed a phantom
  5186 | D:6      | Slain by a killer bee

Skill      XL: |  1  2  3  4  5  6 |
---------------+-------------------+-----
Fighting       | 1 2 3 |  3.4
Dodging        | 2 |  2.0
Armour         | 2 3 |  3.0
Stealth        | 4 5 6 |  6.7
Hexes          | 4 |  4.0
Short Blades   | |  1.0
Spellcasting   | |  2.1

Action                   |  1- 3 |  4- 6 || total
-------------------------+-------+-------++-------
Melee: Dagger            |   122 |   232 ||   354
 Cast: Corona            |     8 |    26 ||    34
       Confuse           |       |     3 ||     3
 Abil: Dig               |       |     3 ||     3
  Use: Scroll            |       |     7 ||     7
 Stab: Sleeping          |     5 |     3 ||     8
       Confused          |       |     1 ||     1
  Eat: Chunk             |    13 |     9 ||    22
Armor: Ring mail         |    48 |    59 ||   107
       Robe              |       |     3 ||     3
Dodge: Dodged            |    61 |   146 ||   207
